 Dungeon Crawl Stone Soup version 0.19.5 (webtiles) character file.

28721 Haldmier the Bludgeoner (level 13, -2/140 HPs)
             Began as an Ogre Wizard on May 13, 2017.
             Was a Believer of Ashenzari.
             Killed from afar by an oklob plant (9 damage)
             ... with a splash of acid
             ... on level 5 of the Lair of Beasts.
             The game lasted 01:51:35 (26944 turns).

Haldmier the Bludgeoner (Ogre Wizard)              Turns: 26944, Time: 01:51:36

Health: -2/140     AC:  6    Str: 18    XL:     13   Next: 40%
Magic:  14/26      EV: 11    Int: 17    God:    Ashenzari [**....]
Gold:   325        SH:  0    Dex:  9    Spells: 6 memorised, 17 levels left

rFire  + . .     SeeInvis .     a - +3 dire flail
rCold  . . .     Gourm    .     M - +2 robe
rNeg   . . .     Faith    .     (shield currently unavailable)
rPois  +         Spirit   .     j - +0 hat
rElec  .         Reflect  .     n - +0 cloak
rCorr  .         Harm     .     (gloves unavailable)
MR     +....                    (boots unavailable)
Stlth  +.........               (no amulet)
                                G - ring of poison resistance (curse)
                                I - ring of protection from fire (curse)

@: repel missiles
A: unfitting armour, tough skin 1
a: Curse Item, Scrying, Renounce Religion


You were on level 5 of the Lair of Beasts.
You worshipped Ashenzari.
Ashenzari was pleased with you.
You were hungry.

You visited 3 branches of the dungeon, and saw 14 of its levels.
You also visited: Volcano.

You collected 812 gold pieces.
You spent 487 gold pieces at shops.

Inventory:

Hand Weapons
 a - a +3 dire flail (weapon)
 b - a +0 dagger of venom
 g - a +4 halberd
 s - the +8 shortbow of Terror {velocity, rElec rPois SInv}
   (You found it on level 8 of the Dungeon)

   Any arrow fired from it inflicts extra damage.
   It insulates you from electricity.
   It protects you from poison.
   It lets you see invisible.
 D - a +0 blowgun
 K - a +1 giant spiked club
Missiles
 k - 2 silver tomahawks
 C - 2 tomahawks
 E - a large rock (quivered)
 H - 71 poisoned needles
Armour
 j - a +0 hat (worn)
 n - a +0 cloak (worn)
 M - a +2 robe (worn)
Rods
 w - a -3 iron rod (9/9)
   (You found it on level 3 of the Lair of Beasts)
Jewellery
 q - the amulet of Cumuden {Faith Dex+9}
   (You found it on level 2 of the Lair of Beasts)

   [amulet of faith]

   It allows you to gain divine favour quickly.
   It affects your dexterity (+9).
 y - an uncursed ring of flight
 G - a cursed ring of poison resistance (right hand)
 I - a cursed ring of protection from fire (left hand)
Wands
 c - a wand of paralysis (8/24)
 l - a wand of digging (15/24)
 r - a wand of heal wounds (4/9)
 u - a wand of lightning (7/15)
 B - a wand of disintegration (16/24)
 J - a wand of disintegration (15/24)
 L - a wand of flame (27/48)
 R - a wand of slowing (35/48)
 T - a wand of confusion (48/48)
 U - a wand of flame (34/48)
Scrolls
 o - a scroll of remove curse
 p - 3 scrolls of teleportation
 v - 2 scrolls of magic mapping
 x - a scroll of blinking
 O - a scroll of recharging
 S - a scroll of enchant weapon
 V - a scroll of identify
Potions
 e - 2 potions of berserk rage
 f - a potion of haste {unknown}
 h - a potion of ambrosia {unknown}
 i - 3 potions of might
 m - 3 potions of flight
 t - 2 potions of resistance
 z - 4 potions of agility
 N - 2 potions of heal wounds
 Q - 2 potions of curing
Comestibles
 d - 2 bread rations
 A - 5 meat rations
 F - 3 beef jerkies
 P - 6 fruits
 W - 6 chunks of flesh


   Skills:
 + Level 12.1 Fighting
 * Level 16.8 Maces & Flails
 + Level 4.6 Dodging
 - Level 1.4 Stealth
 - Level 9.0 Spellcasting
 - Level 6.0(7.4) Conjurations
 - Level 2.0(3.1) Charms
 - Level 3.0(4.2) Summonings
 - Level 3.0(4.3) Translocations
 - Level 3.0(4.2) Fire Magic
 - Level 2.1(3.2) Air Magic
 - Level 3.0(4.2) Poison Magic


You had 17 spell levels left.
You knew the following spells:

 Your Spells              Type           Power        Failure   Level  Hunger
a - Magic Dart            Conj           ####         1%          1    None
b - Blink                 Tloc           N/A          2%          2    None
c - Call Imp              Summ           ###.....     2%          2    None
d - Conjure Flame         Conj/Fire      ####....     2%          3    None
e - Mephitic Cloud        Conj/Pois/Air  ###.....     4%          3    None
f - Repel Missiles        Chrm/Air       ###...       4%          2    None


Dungeon Overview and Level Annotations

Branches:
Dungeon (8/15)             Temple (1/1) D:6            Lair (5/6) D:8
  Swamp (0/4) Lair:4        Snake (0/4) Lair:2        Slime (0/5) Lair:5

Altars:
Ashenzari
Cheibriados
Dithmenos
Elyvilon
Fedhas
Gozag
Hepliaklqana
Kikubaaqudgha
Makhleb
Nemelex Xobeh
Okawaru
Qazlal
Ru
Sif Muna
Trog
Uskayaw
Vehumet
Xom
Yredelemnul
Zin
The Shining One

Shops:
D:6 *

Annotations:
Lair:5 exclusion: 3 oklob plants


Innate Abilities, Weirdness & Mutations

You are too large for most types of armour.
You have tough skin. (AC +1)


Message History

You blink.
Your crimson imp hits the ice devil but does no damage.
You now have 16/26 mp.
Casting: Blink
Confirm with . or Enter, or press ? or * to list all spells.
You blink.
The water moccasin hisses angrily.
Marking area around the oklob plant as unsafe for travelling.
An oklob plant comes into view.
The ice devil hits your crimson imp but does no damage.
The oklob plant spits acid at you.
The splash of acid is repelled.
The oklob plant spits acid at you. The splash of acid hits you!
* * * LOW HITPOINT WARNING * * *
You are splashed with acid!
The acid burns!
* * * LOW HITPOINT WARNING * * *
The oklob plant spits acid at you. The splash of acid hits you!
You die...

...............P..#..#.##.(###'#'
...........................# #(..
....<......................# ##.#
...÷.......................#** .#
.......................55..#*,,(.
.......................4.>.# ,..
..................>...§....# ,..
.....h.........#........#..# , ∩,
#...........P...@##.######.# *
##.........>P...#### ### *
#.........P...# , , ...... * , ,
...S. ,, .....* , ...# * * , ...
*......... **


You could see 3 oklob plants, an ice devil, a water moccasin and a friendly
crimson imp.

Vanquished Creatures
  5 hydras
  A fire crab (Volcano)
  A lindwurm (Volcano)
  Pikel (D:6)
  A black mamba (Lair:2)
  12 spiny frogs
  An ice devil (Lair:5)
  5 komodo dragons
  Prince Ribbit (Lair:2)
  2 polar bears
  4 blink frogs
  2 slime creatures
  2 tyrant leeches (Lair:4)
  3 dream sheep (Lair:4)
  7 hippogriffs
  Sigmund (D:3)
  6 spriggans (Lair:1)
  12 yaks
  3 fire bats (Volcano)
  2 hogs (Lair:4)
  Eustachio (D:6)
  2 steam dragons
  2 hungry ghosts (D:8)
  5 basilisks
  A hell hound (Volcano)
  9 water moccasins
  Duvessa (D:6)
  7 porcupines
  A sky beast (D:7)
  2 ice beasts
  An eye of draining (D:7)
  A phantom (D:6)
  A slave (D:5)
  4 ogres
  7 wolves
  5 centaurs
  12 crocodiles
  7 big kobolds
  13 bullfrogs
  A wyvern zombie (D:8)
  A water moccasin zombie (D:5)
  3 scorpions
  Dowan (D:6)
  6 wights
  2 howler monkeys
  A centaur zombie (D:7)
  5 crimson imps
  3 hounds
  A quasit (D:7)
  3 orc priests
  12 jellies
  10 iguanas
  8 orc wizards
  10 worker ants
  2 hound zombies
  A hound skeleton (D:8)
  A worker ant zombie (D:8)
  8 gnolls
  8 adders
  5 river rats (D:8)
  3 shadow imps
  13 oozes (Lair:2)
  A worm (D:4)
  3 dart slugs
  4 leopard geckos
  30 orcs
  3 giant cockroaches
  34 goblins
  23 hobgoblins
  2 jackals (D:2)
  6 quokkas
  A ball python (D:1)
  9 bats
  4 frilled lizards
  A jackal zombie (D:5)
  13 kobolds
  2 quokka skeletons
  11 rats
409 creatures vanquished.

Vanquished Creatures (collateral kills)
  A spiny frog (Lair:2)
  Grinder (D:3)
  A water moccasin (Lair:2)
3 creatures vanquished.

Vanquished Creatures (others)
  Kirke (Lair:4)
  A slave (D:6)
  A jelly (D:6)
  A leopard gecko (D:6)
  3 jackals (D:6)
  13 fungi
  12 plants
32 creatures vanquished.

Grand Total: 444 creatures vanquished

Notes
Turn   | Place    | Note
-------+----------+-------------------------------------------
     0 | D:1      | Haldmier the Ogre Wizard began the quest for the Orb.
     0 | D:1      | Reached XP level 1. HP: 16/16 MP: 5/5
   277 | D:1      | Reached skill level 1 in Fighting
   285 | D:1      | Reached skill level 1 in Maces & Flails
   285 | D:1      | Reached XP level 2. HP: 25/27 MP: 0/6
   535 | D:1      | Reached skill level 1 in Conjurations
  1144 | D:1      | Reached XP level 3. HP: 35/35 MP: 1/8
  1334 | D:2      | Found a blossoming altar of Fedhas.
  1539 | D:2      | Found a stormy altar of Qazlal.
  1628 | D:2      | Reached skill level 2 in Maces & Flails
  2158 | D:1      | HP: 1/35 [gnoll/whip (10)]
  2511 | D:2      | Learned a level 2 spell: Blink
  2514 | D:2      | Learned a level 2 spell: Call Imp
  2518 | D:2      | Learned a level 3 spell: Mephitic Cloud
  2530 | D:1      | Reached XP level 4. HP: 23/42 MP: 9/9
  2959 | D:3      | Found a shimmering altar of Xom.
  2959 | D:3      | Found a shimmering altar of Xom.
  2960 | D:3      | Found a shimmering altar of Xom.
  2968 | D:3      | Found a shimmering altar of Xom.
  3023 | D:3      | Reached skill level 3 in Maces & Flails
  3364 | D:3      | Found a sacrificial altar of Ru.
  3486 | D:3      | Noticed Grinder
  3520 | D:3      | Paralysed by Grinder for 4 turns
  3903 | D:3      | Noticed Sigmund
  4678 | D:3      | Reached XP level 5. HP: 50/50 MP: 10/10
  4712 | D:3      | Found a shimmering altar of Xom.
  4886 | D:3      | Reached skill level 1 in Summonings
  4886 | D:3      | Reached skill level 1 in Translocations
  5053 | D:4      | Reached skill level 4 in Maces & Flails
  5381 | D:4      | Reached skill level 1 in Poison Magic
  5381 | D:4      | Reached XP level 6. HP: 28/59 MP: 8/12
  6508 | D:3      | Reached skill level 1 in Air Magic
  6517 | D:3      | Learned a level 3 spell: Conjure Flame
  6520 | D:3      | Learned a level 2 spell: Repel Missiles
  7074 | D:4      | Reached XP level 7. HP: 66/67 MP: 3/13
  7194 | D:3      | Paralysed by Grinder for 6 turns
  7362 | D:4      | Reached skill level 5 in Maces & Flails
  7545 | D:4      | Reached XP level 8. HP: 64/78 MP: 4/14
  7727 | D:5      | Entered Level 5 of the Dungeon
  7786 | D:5      | Reached skill level 1 in Fire Magic
  8625 | D:5      | Found a bloodstained altar of Trog.
  8917 | D:6      | Reached skill level 1 in Charms
  9012 | D:6      | Reached skill level 6 in Maces & Flails
  9043 | D:6      | Found a staircase to the Ecumenical Temple.
  9052 | Temple   | Entered the Ecumenical Temple
  9223 | D:6      | Found Fafoipp's General Store.
  9226 | D:6      | Bought a scroll of identify for 30 gold pieces
  9226 | D:6      | Bought a scroll of teleportation for 45 gold pieces
  9305 | D:6      | Found a shattered altar of Ashenzari.
  9322 | D:6      | Became a worshipper of Ashenzari the Shackled
  9744 | D:3      | Killed Grinder
  9756 | D:3      | Killed Sigmund
 10070 | D:6      | Reached XP level 9. HP: 72/85 MP: 13/16
 10551 | D:6      | Noticed Pikel
 10567 | D:6      | Killed Pikel
 10567 | D:6      | Reached skill level 7 in Maces & Flails
 10567 | D:6      | Reached skill level 5 in Spellcasting
 10617 | D:6      | Reached skill level 5 in Fighting
 10771 | D:6      | Bought a scroll of enchant armour for 112 gold pieces
 10848 | D:6      | Noticed Dowan
 10849 | D:6      | Noticed Duvessa
 10849 | D:6      | Noticed Eustachio
 10887 | D:6      | Killed Dowan
 10893 | D:6      | Killed Duvessa
 10970 | D:6      | Killed Eustachio
 11708 | D:7      | Found an opulent altar of Gozag.
 11732 | D:7      | Reached skill level 8 in Maces & Flails
 13294 | D:7      | Reached XP level 10. HP: 75/98 MP: 15/18
 13527 | D:7      | Reached skill level 9 in Maces & Flails
 15141 | D:8      | Reached skill level 10 in Maces & Flails
 15658 | D:8      | Got the shortbow of Terror {velocity, rElec rPois SInv}
 15779 | D:8      | Found a staircase to the Lair.
 16330 | D:8      | Reached skill level 11 in Maces & Flails
 16576 | D:6      | Bought an uncursed ring of poison resistance for 300 gold pieces
 16654 | D:8      | Identified the +8 shortbow of Terror {velocity, rElec rPois SInv} (You found it on level 8 of the Dungeon)
 16661 | Lair:1   | Entered Level 1 of the Lair of Beasts
 16770 | Lair:1   | Got the cursed dagger of Law {flame, SInv}
 16838 | Lair:1   | Reached XP level 11. HP: 108/110 MP: 13/21
 17769 | Lair:1   | Identified a scroll of acquirement
 17770 | Lair:1   | Got the cursed shield of the Boiling Point {Str+3 Dex+2}
 17837 | Lair:1   | Reached skill level 12 in Maces & Flails
 17837 | Lair:1   | Reached skill level 5 in Conjurations
 18332 | Lair:2   | HP: 8/169 [poisoned by a spiny frog]
 18337 | Lair:2   | HP: 4/169 [poisoned by a spiny frog]
 18338 | Lair:2   | Gained mutation: You are partially covered in yellow scales. (AC +2) [potion of beneficial mutation]
 18339 | Lair:2   | Gained mutation: You are occasionally teleported next to monsters. [potion of mutation]
 18339 | Lair:2   | Gained mutation: Scrolls take you a little longer to read. [potion of mutation]
 18339 | Lair:2   | Gained mutation: Scrolls take you longer to read. [potion of mutation]
 18341 | Lair:2   | HP: 1/113 [poisoned by a spiny frog]
 18712 | Lair:1   | Lost mutation: Scrolls take you longer to read. [potion of cure mutation]
 18712 | Lair:1   | Lost mutation: You are partially covered in yellow scales. (AC +2) [potion of cure mutation]
 18712 | Lair:1   | Lost mutation: Scrolls take you a little longer to read. [potion of cure mutation]
 18712 | Lair:1   | Lost mutation: You are occasionally teleported next to monsters. [potion of cure mutation]
 19089 | Lair:2   | Noticed a seven-headed hydra
 19097 | Lair:2   | Killed a seven-headed hydra
 19514 | Lair:2   | Reached skill level 13 in Maces & Flails
 19727 | Lair:2   | Identified the amulet of Cumuden {Faith Dex+9}
 19778 | Lair:2   | Found a staircase to the Snake Pit.
 19839 | Lair:2   | HP: 8/172 [poisoned by a water moccasin]
 19844 | Lair:2   | HP: 7/172 [poisoned by a water moccasin]
 19849 | Lair:2   | HP: 7/172 [poisoned by a water moccasin]
 19856 | Lair:2   | HP: 8/172 [poisoned by a water moccasin]
 20261 | Lair:2   | Reached * piety under Ashenzari
 20356 | Lair:2   | Reached XP level 12. HP: 116/126 MP: 21/24
 21062 | Lair:3   | Noticed Prince Ribbit
 21152 | Lair:2   | Killed Prince Ribbit
 21179 | Lair:2   | Noticed a seven-headed hydra
 21359 | Lair:2   | Reached skill level 10 in Fighting
 21390 | Lair:2   | Killed a seven-headed hydra
 21390 | Lair:2   | Reached skill level 14 in Maces & Flails
 22523 | Lair:3   | Noticed a five-headed hydra
 22534 | Lair:3   | Killed a five-headed hydra
 22770 | Lair:3   | Reached skill level 15 in Maces & Flails
 22979 | Lair:4   | Reached ** piety under Ashenzari
 23076 | Lair:4   | Found a dark tunnel.
 23083 | Volcano  | Entered a volcano
 24262 | Lair:4   | Noticed a six-headed hydra
 24302 | Lair:4   | Killed a six-headed hydra
 24302 | Lair:4   | Reached XP level 13. HP: 70/137 MP: 14/26
 24308 | Lair:4   | Reached skill level 16 in Maces & Flails
 24777 | Lair:4   | Noticed Kirke
 25002 | Lair:4   | Killed Kirke
 25400 | Lair:4   | Found a staircase to the Swamp.
 26454 | Lair:4   | Found a staircase to the Swamp.
 26601 | Lair:5   | Found a staircase to the Slime Pits.
 26944 | Lair:5   | HP: 7/140 [acid (14)]
 26944 | Lair:5   | Killed from afar by an oklob plant

Skill      XL: |  1  2  3  4  5  6  7  8  9 10 11 12 13 |
---------------+----------------------------------------+-----
Fighting       | 1 2 3 4 6 7 9 11 12 | 12.1
Maces & Flails | 1 2 3 4 5 6 8 11 13 15 16 | 16.8
Conjurations   | 1 2 3 4 5 6 |  6.0
Summonings     | 1 2 3 |  3.0
Translocations | 1 2 3 |  3.0
Spellcasting   | 4 5 7 8 9 |  9.0
Poison Magic   | 1 2 3 |  3.0
Air Magic      | 1 2 |  2.1
Fire Magic     | 1 2 3 |  3.0
Charms         | 1 2 |  2.0
Dodging        | 3 4 |  4.6
Stealth        | |  1.4

Action                   |  1- 3 |  4- 6 |  7- 9 | 10-12 | 13-15 || total
-------------------------+-------+-------+-------+-------+-------++-------
Melee: Mace              |    45 |    36 |       |       |       ||    81
       Dagger            |       |   163 |   346 |    96 |       ||   605
       Flail             |       |       |    58 |     3 |       ||    61
       Trident           |       |       |     6 |    70 |       ||    76
       Giant spiked club |       |       |    11 |       |       ||    11
       Whip              |       |       |     1 |       |       ||     1
       Dire flail        |       |       |       |   532 |   122 ||   654
       Halberd           |       |       |       |    47 |       ||    47
Throw: Large rock        |       |       |       |     2 |     8 ||    10
 Cast: Magic Dart        |    78 |    79 |    55 |    98 |     9 ||   319
       Call Imp          |       |     6 |     6 |    10 |     3 ||    25
       Mephitic Cloud    |       |    11 |    23 |    68 |    18 ||   120
       Blink             |       |     1 |     1 |    16 |     9 ||    27
       Conjure Flame     |       |       |     2 |    59 |    12 ||    73
       Repel Missiles    |       |       |     1 |     2 |       ||     3
Invok: Curse Item        |       |       |       |     2 |       ||     2
Evoke: Wand              |       |       |       |     1 |     1 ||     2
  Use: Scroll            |       |       |     4 |    16 |     1 ||    21
       Potion            |       |       |       |    10 |       ||    10
 Stab: Confused          |       |     2 |    10 |    27 |     6 ||    45
       Sleeping          |       |       |     1 |     1 |       ||     2
       Distracted        |       |       |       |       |     1 ||     1
  Eat: Chunk             |     4 |    15 |    14 |    28 |     4 ||    65
       Beef jerky        |       |     1 |       |     2 |       ||     3
       Bread ration      |       |       |     2 |     1 |       ||     3
       Fruit             |       |       |       |     4 |     4 ||     8
Armor: Robe              |    29 |    35 |    88 |    96 |    16 ||   264
       Skin              |       |       |       |     2 |       ||     2
Dodge: Dodged            |    48 |   108 |   160 |   207 |    45 ||   568
       Deflected         |       |       |       |     2 |     1 ||     3
